Map: Cerulean Fall LE

Players

Poizon

  • Race: Protoss Protoss
  • Spawn Location: 7:00

GogojOey - Winner!

  • Race: Zerg Zerg
  • Spawn Location: 1:00

Event: WCS Montreal 2018

VOD

Have the link to the VOD?

Description

Time

  • Played on: Sept. 7, 2018, 12:34 p.m.
  • Length: 6:34

All games in this series

Show
View Real Time Build Order
Export as new Build Order

Poizon Protoss 

Build Orders: 1 Gate Expand, Phoenix Opening 

Get SALT Encoding   

  12  0:00  Probe  
  13  0:12  Probe  
  14  0:20  Pylon  
  14  0:25  Probe  
  15  0:38  Probe  
  15  0:40  Gateway  
  16  0:47  Assimilator  
  16  0:56  Probe  
  17  1:27  Nexus  
  17  1:28  Probe  
  18  1:39  Cybernetics Core  
  18  1:42  Assimilator  
  18  1:43  Probe  
  19  1:55  Probe  
  19  1:56  Pylon  
  20  2:07  Probe  
  21  2:08  Warp Gate  
  21  2:17  Adept  
  21  2:20  Probe  
  24  2:32  Probe  
  25  2:44  Probe x2  
  27  2:46  Stargate  
  27  2:56  Probe x2  
  29  3:05  Probe  
  29  3:07  Twilight Council  
  29  3:08  Probe  
  31  3:13  Probe  
  32  3:20  Probe  
  32  3:22  Probe  
  32  3:24  Adept  
  36  3:27  Phoenix  
  36  3:32  Probe  
  39  3:34  Probe  
  39  3:37  Charge  
  40  3:41  Pylon  
  40  3:44  Probe  
  40  3:46  Probe  
  42  3:56  Probe  
  42  3:58  Probe  
  44  4:08  Probe  
  45  4:10  Robotics Facility  
  45  4:11  Probe  
  46  4:18  Gateway  
  46  4:20  Gateway  
  46  4:21  Probe  
  46  4:22  Gateway  
  47  4:25  Gateway, Probe  
  48  4:34  Gateway  
  48  4:39  Zealot  
  48  4:44  Gateway  
  50  4:50  Gateway  
  50  4:57  Assimilator  
  52  5:04  Zealot  
  54  5:19  Probe  
  53  5:25  Pylon  
  53  5:27  Pylon  
  53  5:28  Pylon  
  47  5:29  Pylon  
  47  5:30  Zealot x3  
  52  5:45  Stalker  
  38  5:57  Stalker x2  
  38  5:58  Stalker x2  
  42  6:08  Probe  
  43  6:12  Stalker  
  45  6:20  Probe  
  46  6:30  Zealot x3  
Show
View Real Time Build Order
Export as new Build Order

GogojOey Zerg - Winner!

Build Orders: Pool First 

Get SALT Encoding   

  12  0:00  Drone  
  13  0:13  Overlord  
  13  0:17  Drone  
  14  0:31  Drone x2  
  14  0:35  Drone  
  17  0:53  Extractor  
  17  0:54  Drone  
  17  0:55  Spawning Pool  
  16  1:13  Hatchery  
  16  1:17  Drone  
  16  1:19  Drone  
  16  1:24  Drone  
  18  1:29  Drone  
  19  1:41  Queen  
  19  1:44  Zergling x2  
  22  1:51  Overlord  
  22  1:57  Metabolic Boost  
  22  2:11  Drone x2  
  24  2:17  Queen  
  26  2:25  Drone  
  26  2:26  Drone  
  28  2:33  Drone  
  28  2:36  Drone  
  30  2:43  Drone  
  31  2:46  Drone  
  32  2:52  Drone x2  
  32  2:54  Overlord  
  33  3:02  Hatchery  
  33  3:05  Drone x2  
  34  3:08  Drone  
  35  3:13  Overlord  
  35  3:19  Drone  
  36  3:21  Drone  
  36  3:23  Queen  
  39  3:29  Lair  
  39  3:30  Drone  
  39  3:31  Drone  
  39  3:32  Drone  
  42  3:34  Drone  
  42  3:37  Overlord  
  43  3:45  Roach Warren  
  43  3:48  Drone x3  
  45  3:53  Overlord  
  45  3:54  Drone  
  46  3:58  Drone x3  
  49  4:03  Extractor, Overlord  
  49  4:04  Extractor, Drone  
  48  4:10  Overlord  
  48  4:15  Overlord  
  48  4:25  Roach x5  
  48  4:30  Zergling x4  
  60  4:32  Glial Reconstitution  
  60  4:36  Zergling x4, Roach  
  64  4:41  Zergling x2, Roach  
  64  4:45  Overseer  
  67  4:48  Zergling x2, Roach  
  67  4:49  Zergling x2  
  67  4:51  Roach  
  73  4:54  Roach  
  73  4:57  Roach  
  80  5:07  Roach x3  
  80  5:11  Roach  
  84  5:14  Zergling x4, Roach  
  84  5:15  Zergling x2  
  84  5:19  Overlord  
  89  5:32  Overlord x2  
  89  5:48  Roach x2  
  89  5:53  Roach  
  89  5:54  Roach x7  
  89  5:55  Roach  
  89  5:57  Overlord x2  
  96  6:05  Overlord  
  96  6:09  Roach x2  
  96  6:10  Roach x2  
  99  6:13  Roach  
Tags
 
Add a new tag
Caveats
  • Supply blocks, unpowered buildings, or Contaminate may cause inaccurate times.
  • Supply counts are checked every 10 seconds.